 Dungeon Crawl Stone Soup version 0.20.1-1-g8b1a95d (webtiles) character file.

64 vomix the Chopper (level 3, -3/34 HPs)
             Began as a Minotaur Berserker on Aug 10, 2017.
             Was a Believer of Trog.
             Slain by Sigmund
             ... wielding a +0 scythe
              (10 damage)
             ... on level 2 of the Dungeon.
             The game lasted 00:02:24 (1390 turns).

vomix the Chopper (Minotaur Berserker)              Turns: 1390, Time: 00:02:25

Health: -3/34      AC:  6    Str: 21    XL:     3   Next: 91%
Magic:  2/2        EV: 10    Int:  4    God:    Trog [**....]
Gold:   35         SH:  0    Dex: 10    Spells: 2/2 levels left

rFire    . . .     SeeInvis .   a - +0 hand axe
rCold    . . .     Gourm    .   (no shield)
rNeg     . . .     Faith    .   o - +0 scale mail {rPois}
rPois    +         Spirit   .   (helmet restricted)
rElec    .         Reflect  .   (no cloak)
rCorr    .         Harm     .   (no gloves)
MR       .....                  (no boots)
Stlth    ..........             (no amulet)
Regen    0.2/turn               (no ring)
MPRegen  0.1/turn               (no ring)

@: confused, berserk cooldown, slowed, very slow
A: retaliatory headbutt, horns 2, mutation resistance 1
a: Berserk, Trog's Hand, Burn Spellbooks, Renounce Religion


You were on level 2 of the Dungeon.
You worshipped Trog.
Trog was pleased with you.
You were hungry.

You visited 1 branch of the dungeon, and saw 2 of its levels.

You collected 35 gold pieces.

Inventory:

Hand Weapons
 a - a +0 hand axe (weapon)
Armour
 b - a +0 animal skin
 o - a +0 scale mail of poison resistance (worn)
Wands
 m - a wand of confusion (18/48)
Scrolls
 h - 4 scrolls of identify {unknown}
 i - a scroll of enchant armour {unknown}
 j - a scroll of random uselessness {unknown}
 k - 3 scrolls of teleportation {unknown}
 l - a scroll of remove curse {unknown}
Potions
 d - 2 potions of mutation
 e - a potion of might {unknown}
 n - a potion of invisibility {unknown}
Comestibles
 c - a bread ration
 f - a royal jelly
 g - 5 chunks of flesh
 p - a meat ration


   Skills:
 + Level 4.5 Fighting
 + Level 5.1 Axes
 - Level 2.4 Armour
 - Level 2.1 Dodging


You had 2 spell levels left.
You didn't know any spells.

Dungeon Overview and Level Annotations

Branches:
Dungeon (2/15)

Altars:

Annotations:
D:2 Sigmund


Innate Abilities, Weirdness & Mutations

You reflexively headbutt those who attack you in melee.
You have a pair of horns on your head.
You are somewhat resistant to further mutation.


Message History

Sigmund is almost dead.
Sigmund gestures at you while chanting. You resist with significant effort.
Sigmund gestures at you while chanting.
You are confused.
Unknown command.
You hit Sigmund but do no damage.
Sigmund is almost dead.
Sigmund closely misses you. Sigmund completely misses you.
There is an escape hatch in the floor here.
You feel less confused.
Sigmund hits you from afar with a scythe.
* * * LOW HITPOINT WARNING * * *
It was a potion of mutation.
You feel extremely strange.
You feel genetically stable. Sigmund casts a spell at you.
You are confused.
Sigmund hits you from afar with a scythe!
You die...

#..............# ..# #..
#..............# #.# #..
#..............#####.#####..
#..............(............
#..............#####.####...
#..............## #........
#...............# #.##.#.##
####............# #.##.#.#
#.......@....# #.##.#.#
#.........@######.##.#.#
#.................##.#.#
#....####..#)#.....#.#.#
#....#...#...# ...#.#.#
#....#...#.... ....
#.####...#.##... .. ##+.#.⌠
... ..... ....


You could see Sigmund.

Vanquished Creatures
  A worm (D:2)
  2 dart slugs
  2 leopard geckos (D:1)
  7 bats
  2 giant cockroaches (D:1)
  9 goblins
  8 hobgoblins
  3 jackals (D:1)
  9 kobolds
  3 frilled lizards
  4 rats (D:1)
50 creatures vanquished.

Notes
Turn   | Place    | Note
-------+----------+-------------------------------------------
     0 | D:1      | vomix the Minotaur Berserker began the quest for the Orb.
     0 | D:1      | Reached XP level 1. HP: 19/19 MP: 0/0
   485 | D:1      | Reached skill level 4 in Axes
   485 | D:1      | Reached XP level 2. HP: 25/27 MP: 1/1
   630 | D:1      | Reached ** piety under Trog
   766 | D:1      | Reached XP level 3. HP: 33/33 MP: 2/2
  1225 | D:2      | Reached skill level 5 in Axes
  1372 | D:2      | Noticed Sigmund
  1389 | D:2      | Gained mutation: You are somewhat resistant to further mutation. [potion of mutation]
  1390 | D:2      | Slain by Sigmund

Skill      XL: |  1  2  3 |
---------------+----------+-----
Fighting       | 4 |  4.5
Axes           | 4 5 |  5.1
Armour         | |  2.4
Dodging        | |  2.1

Action                   || total
-------------------------++-------
Melee: Hand axe          ||   102
       Headbutt          ||    22
Invok: Berserk           ||     1
  Use: Potion            ||     1
  Eat: Chunk             ||     2
Armor: Animal skin       ||    15
       Scale mail        ||     9
Dodge: Dodged            ||    71
